TOP OF THE 1ST |
Oklahoma City 89ers batting - Pitching for Denver Bears : RHP George Stablein
|
Pitching: RHP George Stablein
|
|
Batting: RHB James Glenn
|
0-0: Called Strike 0-1: Ground out 6-3 (Groundball, 6, EV 87.5 MPH)
|
Batting: RHB John Christensen
|
0-0: Called Strike 0-1: Ground out 1-3 (Groundball, 15S, EV 75.0 MPH)
|
Batting: LHB Tom O'Malley
|
0-0: Ground out 4-3 (Groundball, 4, EV 103.8 MPH)
|
Top of the 1st over - 0 runs, 0 hits, 0 errors, 0 left on base; Oklahoma City 0 - Denver 0 |
BOTTOM OF THE 1ST |
Denver Bears batting - Pitching for Oklahoma City 89ers : RHP Kennedy Corzel
|
Pitching: RHP Kennedy Corzel
|
|
Batting: RHB Adolfo Feliz
|
0-0: Foul Ball, location: 2F 0-1: Ball 1-1: Ball 2-1: Swinging Strike 2-2: Ground out 6-3 (Groundball, 6S, EV 92.5 MPH)
|
Batting: LHB Jesus Figueroa
|
0-0: Foul Ball, location: 2F 0-1: Ball 1-1: SINGLE (Line Drive, 6D, EV 101.3 MPH)
|
Batting: LHB Danny Heep
|
0-0: Ball Jesus Figueroa steals 2nd base 1-0: Foul Ball, location: 2F 1-1: Ball 2-1: Ball 3-1: Fly out, F8 (Line Drive, 8RM, EV 98.1 MPH)
|
Batting: RHB George A Bell
|
0-0: Foul Ball, location: 2F 0-1: Ball 1-1: Ball 2-1: SINGLE (Flyball, 9LS, EV 85.6 MPH) Jesus Figueroa to third Runner from 3rd tries for Home, SAFE, throw by RF to home
|
Batting: LHB Tom Beyers
|
0-0: Ball 1-0: Fly out, F2 (Popup, 2LF, EV 91.9 MPH)
|
Bottom of the 1st over - 1 run, 2 hits, 0 errors, 1 left on base; Oklahoma City 0 - Denver 1 |
TOP OF THE 2ND |
Oklahoma City 89ers batting - Pitching for Denver Bears : RHP George Stablein
|
Batting: RHB David Green
|
0-0: Called Strike 0-1: DOUBLE (Line Drive, 89D, EV 106.9 MPH)
|
Batting: RHB Cecil Fielder
|
0-0: Ball 1-0: Ball 2-0: Ball 3-0: Base on Balls
|
Batting: RHB Tim Tolman
|
0-0: Ball 1-0: Ball 2-0: Ball 3-0: Called Strike 3-1: Swinging Strike 3-2: Foul Ball, location: 2F 3-2: Grounds into double play, 5-4-3 (Groundball, 56, EV 82.5 MPH) David Green to third
|
Batting: RHB Nick Esasky
|
0-0: Ball 1-0: Foul Ball, location: 2F 1-1: Reached on error, E3 (Groundball, 34S, EV 85.6 MPH) David Green scores
|
Batting: RHB Danny Jasso
|
0-0: Ball 1-0: Ball 2-0: Called Strike 2-1: Ball 3-1: Ground out 2-3 (Groundball, 2L, EV 73.1 MPH)
|
Top of the 2nd over - 1 run, 1 hit, 1 error, 1 left on base; Oklahoma City 1 - Denver 1 |
BOTTOM OF THE 2ND |
Denver Bears batting - Pitching for Oklahoma City 89ers : RHP Kennedy Corzel
|
Batting: RHB Juan Alvarez
|
0-0: Ball 1-0: Called Strike 1-1: SINGLE (Groundball, 6MD, EV 101.3 MPH)
|
Batting: RHB Francis McCann
|
0-0: Called Strike 0-1: Ball 1-1: DOUBLE (Line Drive, 9LM, EV 105.6 MPH) Juan Alvarez to third
|
Batting: RHB Frank Lucy
|
0-0: Ball 1-0: Ball 2-0: Fly out, F9 (Flyball, 9, EV 93.1 MPH)
|
Batting: RHB Gomez Barahona
|
0-0: Ball 1-0: Ball 2-0: Ground out 5-3 (Groundball, 56S, EV 81.9 MPH) Juan Alvarez scores
|
Batting: RHB Adolfo Feliz
|
0-0: Foul Ball, location: 2F 0-1: Ball 1-1: Swinging Strike 1-2: Hit by Pitch
|
Batting: LHB Jesus Figueroa
|
0-0: Ball 1-0: Swinging Strike 1-1: Ball 2-1: Fly out, F3 (Popup, 3F, EV 71.3 MPH)
|
Bottom of the 2nd over - 1 run, 2 hits, 0 errors, 2 left on base; Oklahoma City 1 - Denver 2 |
TOP OF THE 3RD |
Oklahoma City 89ers batting - Pitching for Denver Bears : RHP George Stablein
|
Batting: RHB Robert Bailey
|
0-0: Called Strike 0-1: Ball 1-1: Foul Ball, location: 2F 1-2: Ball 2-2: Ground out 4-3 (Groundball, 4M, EV 85.6 MPH)
|
Batting: RHB James Glenn
|
0-0: Foul Ball, location: 2F 0-1: Ball 1-1: Foul Ball, location: 2F 1-2: Foul Ball, location: 2F 1-2: Ball 2-2: Ball 3-2: Foul Ball, location: 2F 3-2: Foul Ball, location: 2F 3-2: Base on Balls
|
Batting: RHB John Christensen
|
0-0: Ball 1-0: Foul Ball, location: 2F 1-1: Ball 2-1: SINGLE (Line Drive, 7S, EV 94.4 MPH) James Glenn to second
|
Batting: LHB Tom O'Malley
|
0-0: Called Strike James Glenn steals 3rd base John Christensen to second 0-1: Fly out, F8 (Flyball, 8RM, EV 89.4 MPH)
|
Batting: RHB David Green
|
0-0: Ball 1-0: SINGLE (Groundball, 4MD, EV 96.3 MPH) James Glenn scores John Christensen to third Runner from 3rd tries for Home, SAFE, throw by CF to home
|
Batting: RHB Cecil Fielder
|
0-0: Ball 1-0: Ball 2-0: Called Strike 2-1: Ball 3-1: Fielders Choice at 2nd, 6-4 (Groundball, 6, EV 85.6 MPH)
|
Top of the 3rd over - 2 runs, 2 hits, 0 errors, 1 left on base; Oklahoma City 3 - Denver 2 |
BOTTOM OF THE 3RD |
Denver Bears batting - Pitching for Oklahoma City 89ers : RHP Kennedy Corzel
|
Batting: LHB Danny Heep
|
0-0: Ball 1-0: SINGLE (Flyball, 56D, EV 90.0 MPH)
|
Batting: RHB George A Bell
|
0-0: Ball 1-0: Foul Ball, location: 2F 1-1: Grounds into double play, 6-4-3 (Groundball, 6D, EV 109.4 MPH)
|
Batting: LHB Tom Beyers
|
0-0: Swinging Strike 0-1: Foul Ball, location: 2F 0-2: Ball 1-2: Strikes out swinging
|
Bottom of the 3rd over - 0 runs, 1 hit, 0 errors, 0 left on base; Oklahoma City 3 - Denver 2 |
TOP OF THE 4TH |
Oklahoma City 89ers batting - Pitching for Denver Bears : RHP George Stablein
|
Batting: RHB Tim Tolman
|
0-0: Foul Ball, location: 2F 0-1: Ball 1-1: Ball 2-1: Reached on error, E6 (Groundball, 6, EV 110.6 MPH)
|
Batting: RHB Nick Esasky
|
0-0: SINGLE (Groundball, 34D, EV 102.5 MPH) Tim Tolman to second Runner from 2nd tries for 3rd, SAFE, throw by RF made to third
|
Batting: RHB Danny Jasso
|
0-0: Ball Nick Esasky steals 2nd base 1-0: Foul Ball, location: 2F 1-1: Fly out, F8 (Flyball, 8RM, EV 75.0 MPH) Runner from 3rd tags up, SCORES, throw by CF
|
Batting: RHB Robert Bailey
|
0-0: Ball 1-0: Called Strike 1-1: Swinging Strike 1-2: Foul Ball, location: 2F 1-2: Ball 2-2: Reached on error, E4 (Groundball, 4, EV 85.6 MPH) Nick Esasky to third
|
Batting: RHB James Glenn
|
0-0: Foul Ball, location: 2F 0-1: Foul Ball, location: 2F 0-2: Foul Ball, location: 2F 0-2: Ball 1-2: Foul Ball, location: 2F 1-2: Strikes out swinging
|
Batting: RHB John Christensen
|
0-0: Ball 1-0: Called Strike 1-1: Ball 2-1: Foul Ball, location: 2F 2-2: Ball 3-2: Strikes out swinging
|
Top of the 4th over - 1 run, 1 hit, 2 errors, 2 left on base; Oklahoma City 4 - Denver 2 |
BOTTOM OF THE 4TH |
Denver Bears batting - Pitching for Oklahoma City 89ers : RHP Kennedy Corzel
|
Batting: RHB Juan Alvarez
|
0-0: Ground out 6-3 (Groundball, 6, EV 98.8 MPH)
|
Batting: RHB Francis McCann
|
0-0: Ball 1-0: Ball 2-0: Called Strike 2-1: Ball 3-1: Called Strike 3-2: Ground out 6-3 (Groundball, 6S, EV 67.5 MPH)
|
Batting: RHB Frank Lucy
|
0-0: Ball 1-0: Ball 2-0: SOLO HOME RUN (Line Drive, 7LD, EV 110.6 MPH), Distance : 342 ft
|
Batting: RHB Gomez Barahona
|
0-0: Ball 1-0: SINGLE (Line Drive, 56D, EV 96.3 MPH)
|
Batting: RHB Adolfo Feliz
|
0-0: Ball 1-0: Foul Ball, location: 2F 1-1: Fielders Choice at 2nd, 6-4 (Groundball, 6, EV 90.0 MPH)
|
Bottom of the 4th over - 1 run, 2 hits, 0 errors, 1 left on base; Oklahoma City 4 - Denver 3 |
TOP OF THE 5TH |
Oklahoma City 89ers batting - Pitching for Denver Bears : RHP George Stablein
|
Batting: LHB Tom O'Malley
|
0-0: Called Strike 0-1: Called Strike 0-2: Ball 1-2: Fly out, F6 (Popup, 56D, EV 45.6 MPH)
|
Batting: RHB David Green
|
0-0: Fly out, F6 (Flyball, 56D, EV 83.1 MPH)
|
Batting: RHB Cecil Fielder
|
0-0: Swinging Strike 0-1: Foul Ball, location: 2F 0-2: Ball 1-2: Ball 2-2: Ground out 5-3 (Groundball, 56S, EV 78.1 MPH)
|
Top of the 5th over - 0 runs, 0 hits, 0 errors, 0 left on base; Oklahoma City 4 - Denver 3 |
BOTTOM OF THE 5TH |
Denver Bears batting - Pitching for Oklahoma City 89ers : RHP Kennedy Corzel
|
Batting: LHB Jesus Figueroa
|
0-0: Called Strike 0-1: SINGLE (Groundball, 34D, EV 100.0 MPH)
|
Batting: LHB Danny Heep
|
0-0: Ball 1-0: Foul Ball, location: 2F 1-1: Ball 2-1: Ball 3-1: Called Strike 3-2: Strikes out swinging Jesus Figueroa steals 2nd base Batter strikes out.
|
Batting: RHB George A Bell
|
0-0: Ball 1-0: Foul Ball, location: 2F 1-1: Called Strike 1-2: Ball 2-2: Ground out U3 (Groundball, 3, EV 93.1 MPH) Jesus Figueroa to third
|
Batting: LHB Tom Beyers
|
0-0: SINGLE (Groundball, 3D, EV 105.6 MPH) Jesus Figueroa scores
|
Batting: RHB Juan Alvarez
|
0-0: Called Strike 0-1: Ground out 6-3 (Groundball, 6S, EV 73.1 MPH)
|
Bottom of the 5th over - 1 run, 2 hits, 0 errors, 1 left on base; Oklahoma City 4 - Denver 4 |
TOP OF THE 6TH |
Oklahoma City 89ers batting - Pitching for Denver Bears : RHP George Stablein
|
Batting: RHB Tim Tolman
|
0-0: Called Strike 0-1: Ground out 6-3 (Groundball, 6, EV 80.6 MPH)
|
Batting: RHB Nick Esasky
|
0-0: Called Strike 0-1: Ball 1-1: Foul Ball, location: 2F 1-2: Fly out, F8 (Flyball, 8RM, EV 86.3 MPH)
|
Batting: RHB Danny Jasso
|
0-0: Called Strike 0-1: Ball 1-1: SINGLE (Groundball, 6M, EV 105.0 MPH) (infield hit)
|
Batting: RHB Robert Bailey
|
0-0: Ball 1-0: Ball 2-0: Foul Ball, location: 2F 2-1: Fly out, F8 (Line Drive, 8LM, EV 101.9 MPH)
|
Top of the 6th over - 0 runs, 1 hit, 0 errors, 1 left on base; Oklahoma City 4 - Denver 4 |
BOTTOM OF THE 6TH |
Denver Bears batting - Pitching for Oklahoma City 89ers : RHP Kennedy Corzel
|
Batting: RHB Francis McCann
|
0-0: Ball 1-0: Fly out, F9 (Flyball, 89D, EV 91.9 MPH)
|
Batting: RHB Frank Lucy
|
0-0: Swinging Strike 0-1: Ground out 5-3 (Groundball, 56, EV 101.3 MPH)
|
Batting: RHB Gomez Barahona
|
0-0: Ball 1-0: Called Strike 1-1: Ball 2-1: Ball 3-1: Foul Ball, location: 2F 3-2: Foul Ball, location: 2F 3-2: Base on Balls
|
Batting: RHB Adolfo Feliz
|
0-0: Foul Ball, location: 2F 0-1: Swinging Strike 0-2: Ball 1-2: Fly out, F9 (Flyball, 89M, EV 94.4 MPH)
|
Bottom of the 6th over - 0 runs, 0 hits, 0 errors, 1 left on base; Oklahoma City 4 - Denver 4 |
TOP OF THE 7TH |
Oklahoma City 89ers batting - Pitching for Denver Bears : RHP George Stablein
|
Batting: RHB James Glenn
|
0-0: Ball 1-0: Foul Ball, location: 2F 1-1: Foul Ball, location: 2F 1-2: Foul Ball, location: 2F 1-2: Foul Ball, location: 2F 1-2: Ball 2-2: Fly out, F9 (Flyball, 9LD, EV 98.1 MPH)
|
Batting: RHB John Christensen
|
0-0: Ball 1-0: Called Strike 1-1: Ball 2-1: Ground out 4-3 (Groundball, 4, EV 91.3 MPH)
|
Batting: LHB Tom O'Malley
|
0-0: Swinging Strike 0-1: Ground out 4-3 (Groundball, 4, EV 104.4 MPH)
|
Top of the 7th over - 0 runs, 0 hits, 0 errors, 0 left on base; Oklahoma City 4 - Denver 4 |
BOTTOM OF THE 7TH |
Denver Bears batting - Pitching for Oklahoma City 89ers : RHP Kennedy Corzel
|
Batting: LHB Jesus Figueroa
|
0-0: Foul Ball, location: 2F 0-1: Foul Ball, location: 2F 0-2: Ball 1-2: SINGLE (Groundball, 4MD, EV 87.5 MPH) (infield hit)
|
Batting: LHB Danny Heep
|
0-0: Ball 1-0: Foul Ball, location: 2F 1-1: Swinging Strike 1-2: Strikes out swinging
|
Batting: RHB George A Bell
|
0-0: Ball Jesus Figueroa is caught stealing 2nd base 2-4 1-0: Fly out, F8 (Flyball, 8RM, EV 96.3 MPH)
|
Bottom of the 7th over - 0 runs, 1 hit, 0 errors, 0 left on base; Oklahoma City 4 - Denver 4 |
TOP OF THE 8TH |
Oklahoma City 89ers batting - Pitching for Denver Bears : RHP George Stablein
|
Batting: RHB David Green
|
0-0: Ball 1-0: Ground out 6-3 (Groundball, 56, EV 85.6 MPH)
|
Batting: RHB Cecil Fielder
|
0-0: Ball 1-0: Fly out, F9 (Flyball, 89M, EV 89.4 MPH)
|
Batting: RHB Tim Tolman
|
0-0: Called Strike 0-1: Ball 1-1: Ground out 5-3 (Groundball, 56S, EV 87.5 MPH)
|
Top of the 8th over - 0 runs, 0 hits, 0 errors, 0 left on base; Oklahoma City 4 - Denver 4 |
BOTTOM OF THE 8TH |
Denver Bears batting - Pitching for Oklahoma City 89ers : RHP Kennedy Corzel
|
Batting: LHB Tom Beyers
|
0-0: Ball 1-0: Foul Ball, location: 2F 1-1: Ball 2-1: Called Strike 2-2: Foul Ball, location: 2F 2-2: Foul Ball, location: 2F 2-2: Ball 3-2: Ground out 4-3 (Groundball, 4, EV 105.6 MPH)
|
Batting: RHB Juan Alvarez
|
0-0: Fly out, F7 (Flyball, 7LM, EV 101.9 MPH)
|
Batting: RHB Francis McCann
|
0-0: Ball 1-0: Ball 2-0: Ball 3-0: Called Strike 3-1: Swinging Strike 3-2: Strikes out looking
|
Bottom of the 8th over - 0 runs, 0 hits, 0 errors, 0 left on base; Oklahoma City 4 - Denver 4 |
TOP OF THE 9TH |
Oklahoma City 89ers batting - Pitching for Denver Bears : RHP George Stablein
|
Pitching: LHP Jake Zorbas
|
|
Batting: RHB Nick Esasky
|
0-0: Foul Ball, location: 2F 0-1: Ball 1-1: Swinging Strike 1-2: DOUBLE (Line Drive, 8RXD, EV 104.4 MPH)
|
Batting: RHB Danny Jasso
|
0-0: Bunted foul 0-1: Bunt missed! 0-2: Ball 1-2: Foul Ball, location: 2F 1-2: Fly out, F7 (Flyball, 7D, EV 106.3 MPH)
|
Pinch Hitting: RHB Richard Howard
|
0-0: Ball 1-0: Foul Ball, location: 2F 1-1: Foul Ball, location: 2F 1-2: Ball 2-2: SINGLE (Line Drive, 7S, EV 110.0 MPH) Nick Esasky to third Runner from 3rd tries for Home, throw by LF and OUT! 7-2
|
Batting: RHB James Glenn
|
0-0: Called Strike 0-1: Ball 1-1: Swinging Strike 1-2: Foul Ball, location: 2F 1-2: Ball 2-2: Fielders Choice at 2nd, 6-4 (Groundball, 6, EV 100.0 MPH)
|
Top of the 9th over - 0 runs, 2 hits, 0 errors, 1 left on base; Oklahoma City 4 - Denver 4 |
BOTTOM OF THE 9TH |
Denver Bears batting - Pitching for Oklahoma City 89ers : RHP Kennedy Corzel
|
Pitching: RHP Ernie Camacho
|
|
Now at C: Ron Tingley
|
|
Pinch Hitting: LHB Terry Francona
|
0-0: Foul Ball, location: 2F 0-1: Ball 1-1: Swinging Strike 1-2: Reached on error, E7 (Flyball, 7LS, EV 76.3 MPH)
|
Pinch Hitting: LHB Larry Donofrio
|
0-0: Called Strike 0-1: Called Strike 0-2: Ball 1-2: Foul Ball, location: 2F 1-2: Ball 2-2: Ball 3-2: Foul Ball, location: 2F 3-2: Base on Balls Terry Francona to second
|
Pinch Runner at 2nd Victor Woods:
|
|
Batting: RHB Adolfo Feliz
|
0-0: Bunted foul 0-1: Bunt missed! 0-2: Fly out, F8 (Line Drive, 8LD, EV 84.4 MPH)
|
Batting: LHB Jesus Figueroa
|
0-0: Ball 1-0: Bunt missed! 1-1: Ball Larry Donofrio steals 2nd base Victor Woods steals 3rd base 2-1: Swinging Strike 2-2: Fly out, F7 (Flyball, 7, EV 81.9 MPH) Runner from 3rd tags up, SCORES, throw by LF
|
Bottom of the 9th over - 1 run, 0 hits, 1 error, 0 left on base; Oklahoma City 4 - Denver 5 |
|